 Dungeon Crawl Stone Soup version 0.23-a0-332-g9fe5f1002e (webtiles) character file.

2979506 MeekVeins the Shatterer (level 27, 233/233 HPs)
             Began as a Human Fighter on Oct 16, 2018.
             Was a High Priest of Fedhas.
             Escaped with the Orb
             ... and 5 runes on Oct 17, 2018!
             The game lasted 06:54:18 (77228 turns).

MeekVeins the Shatterer (Human Fighter)            Turns: 77228, Time: 06:54:18

Health: 233/233    AC: 46    Str: 31    XL:     27
Magic:  28/35      EV: 25    Int: 22    God:    Fedhas [*****.]
Gold:   643        SH: 33    Dex: 21    Spells: 30/32 levels left

rFire    + + +     SeeInvis +   G - +9 eveningstar (crush)
rCold    + + +     Gourm    .   y - +8 large shield {rC+}
rNeg     + + .     Faith    .   j - +9 scales of the Dragon King {rPois rF+ rC+ MR+}
rPois    +         Spirit   .   r - +1 hat "Quil" {Int+7 SInv}
rElec    +         Reflect  .   d - +4 dragonskin cloak
rCorr    +         Harm     .   J - +0 pair of fencer's gloves {+Riposte Dex+3}
MR       +++++     Clarity  +   q - +2 pair of boots of the Assassin {Detection Stab+ Stlth++}
Stlth    ..........             f - amulet of the Four Winds {rN+ MR+++ Clar}
HPRegen  0.48/turn              m - +4 ring of evasion
MPRegen  0.24/turn              u - ring "Noenyredd" {*Slow rElec rPois MR+ Int+5}

@: mighty, agile, resistant, hasted, very quick
A: slimy green scales 1, deterioration 1, dopey 1, fire resistance 1, MP-powered
wands
0: Orb of Zot
}: 5/15 runes: decaying, serpentine, slimy, silver, abyssal
a: Fungal Bloom, Sunlight, Evolution, Growth, Reproduction, Rain, Renounce
Religion


You escaped.
You worshipped Fedhas.
Fedhas was extremely pleased with you.
You were full.

You visited 11 branches of the dungeon, and saw 55 of its levels.
You visited the Abyss 1 time.
You also visited: Trove, Bailey, Ice Cave and Wizlab.

You collected 7506 gold pieces.
You spent 6863 gold pieces at shops.

Inventory:

Hand Weapons
 G - a +9 eveningstar of crushing (weapon)
Missiles
 Z - 2 throwing nets (quivered)
Armour
 d - the +4 dragonskin cloak (worn)
   (You took it off Tiamat on level 1 of the Realm of Zot)
 i - a +2 cloak of invisibility
 j - the +9 scales of the Dragon King (worn) {rPois rF+ rC+ MR+}
   (You took it off a deep elf master archer on level 3 of the Elven Halls)

   It protects you from fire.
   It protects you from cold.
   It protects you from poison.
   It affects your resistance to hostile enchantments.
 q - the +2 pair of boots of the Assassin (worn) {Detection Stab+ Stlth++}
   (You found it on level 2 of the Depths)

   It makes you much more stealthy.
 r - the +1 hat "Quil" (worn) {Int+7 SInv}
   (You found it in an ice cave)

   It affects your intelligence (+7).
   It lets you see invisible.
 y - a +8 large shield of cold resistance (worn)
 J - the +0 pair of fencer's gloves (worn) {+Riposte Dex+3}
   (You found it on level 5 of the Vaults)

   It affects your dexterity (+3).
Jewellery
 f - the amulet of the Four Winds (around neck) {rN+ MR+++ Clar}
   (You bought it in a shop on level 3 of the Snake Pit)

   [amulet of nothing]

   It protects you from negative energy.
   It affects your resistance to hostile enchantments.
   It protects you against confusion.
 m - a +4 ring of evasion (left hand)
 u - the ring "Noenyredd" (right hand) {*Slow rElec rPois MR+ Int+5}
   (You took it off an ogre mage on level 3 of the Vaults)

   [ring of protection from magic]

   It affects your intelligence (+5).
   It insulates you from electricity.
   It protects you from poison.
   It affects your resistance to hostile enchantments.
   It may slow you when you take damage.
Wands
 c - a wand of polymorph (37)
 A - a wand of acid (1)
 D - a wand of digging (13)
 E - a wand of enslavement (7)
 I - a wand of iceblast (42)
 O - a wand of clouds (8)
 P - a wand of paralysis (19)
 S - a wand of scattershot (5)
 V - a wand of flame (94)
Scrolls
 b - 2 scrolls of silence
 k - a scroll of summoning
 n - 10 scrolls of immolation
 w - 2 scrolls of holy word
 x - 8 scrolls of fear
 B - 3 scrolls of blinking
 F - 3 scrolls of fog
 M - 9 scrolls of magic mapping
 N - 25 scrolls of remove curse
 R - 7 scrolls of identify
 T - 11 scrolls of teleportation
Potions
 a - a potion of cancellation
 e - a potion of might
 g - a potion of brilliance
 h - 5 potions of invisibility
 l - 2 potions of berserk rage
 p - 3 potions of agility
 s - 4 potions of haste
 t - 10 potions of lignification
 v - 4 potions of flight
 C - 5 potions of heal wounds
 H - 5 potions of magic
 K - 5 potions of mutation {!q}
 L - a potion of resistance
 Q - 16 potions of curing
Miscellaneous
 o - a lightning rod (4/4)
 U - 3 boxes of beasts
 W - 9 sacks of spiders
 X - a phial of floods
 Y - a lamp of fire
Comestibles
 z - 42 rations


   Skills:
 + Level 22.9 Fighting
 - Level 23.0 Maces & Flails
 - Level 20.2 Armour
 - Level 14.0 Dodging
 - Level 2.0 Stealth
 - Level 20.1 Shields
 - Level 3.0 Spellcasting
 - Level 10.0 Translocations
 - Level 12.0 Invocations
 - Level 16.0 Evocations


You had 30 spell levels left.
You knew the following spells:

 Your Spells              Type           Power        Failure   Level  Hunger
B - Blink                 Tloc           N/A          5%          2    ##.....

Your spell library contained the following spells:

 Spells                   Type           Power        Failure   Level  Hunger
 Apportation              Tloc           #####.       3%          1    None
 Gell's Gravitas          Tloc           #####.....   11%         3    ###....
 Lesser Beckoning         Tloc           #####.....   11%         3    ###....
 Teleport Other           Tloc           #####...     11%         3    ###....
 Shroud of Golubria       Chrm/Tloc      ####......   38%         2    ##.....
 Portal Projectile        Hex/Tloc       ####..       63%         3    ###....
 Recall                   Summ/Tloc      N/A          63%         3    ###....
 Animate Skeleton         Necr           N/A          91%         1    None
 Beastly Appendage        Tmut           #.....       91%         1    None
 Confusing Touch          Hex            #.....       91%         1    None
 Corona                   Hex            #......      91%         1    None
 Flame Tongue             Conj/Fire      #....        91%         1    None
 Infusion                 Chrm           #...         91%         1    None
 Magic Dart               Conj           #...         91%         1    None
 Pain                     Necr           #...         91%         1    None
 Shock                    Conj/Air       #...         91%         1    None
 Sting                    Conj/Pois      #...         91%         1    None
 Summon Butterflies       Summ           #.......     91%         1    None
 Summon Small Mammal      Summ           #...         91%         1    None
 Force Lance              Conj/Tloc      ####....     95%         4    ####...
 Call Imp                 Summ           #.......     97%         2    ##.....
 Corpse Rot               Necr           N/A          97%         2    ##.....
 Ensorcelled Hibernation  Hex/Ice        #.....       97%         2    ##.....
 Passwall                 Tmut/Erth      #.......     97%         2    ##.....
 Poisonous Vapours        Pois/Air       #.....       97%         2    ##.....
 Searing Ray              Conj           #.....       97%         2    ##.....
 Slow                     Hex            #.......     97%         2    ##.....
 Song of Slaying          Chrm           #.......     97%         2    ##.....
 Sticks to Snakes         Tmut           #.......     97%         2    ##.....
 Sublimation of Blood     Necr           #.........   97%         2    ##.....
 Swiftness                Chrm/Air       #.......     97%         2    ##.....
 Call Canine Familiar     Summ           #.......     99%         3    ###....
 Confuse                  Hex            #.......     99%         3    ###....
 Conjure Flame            Conj/Fire      #.......     99%         3    ###....
 Dazzling Spray           Conj/Hex       #.....       99%         3    ###....
 Ignite Poison            Fire/Tmut/Pois #.......     99%         3    ###....
 Inner Flame              Hex/Fire       #.......     99%         3    ###....
 Mephitic Cloud           Conj/Pois/Air  #.......     99%         3    ###....
 Regeneration             Chrm/Necr      #.........   99%         3    ###....
 Spectral Weapon          Hex/Chrm       #.......     99%         3    ###....
 Spider Form              Tmut/Pois      #.........   99%         3    ###....
 Static Discharge         Conj/Air       #.......     99%         3    ###....
 Stone Arrow              Conj/Erth      #.....       99%         3    ###....
 Summon Guardian Golem    Hex/Summ       #.......     99%         3    ###....
 Tukima's Dance           Hex            #.......     99%         3    ###....
 Vampiric Draining        Necr           #.........   99%         3    ###....
 Dispersal                Tloc           #####.....   99%         6    #######
 Airstrike                Air            #.........   100%        4    ####...
 Animate Dead             Necr           N/A          100%        4    ####...
 Cause Fear               Hex            #.........   100%        4    ####...
 Fulminant Prism          Conj/Hex       #.........   100%        4    ####...
 Ice Form                 Ice/Tmut       #.......     100%        4    ####...
 Iskenderun's Mystic Bla  Conj           #.......     100%        4    ####...
 Leda's Liquefaction      Hex/Erth       #.........   100%        4    ####...
 Olgreb's Toxic Radiance  Pois           #.......     100%        4    ####...
 Petrify                  Tmut/Erth      #.......     100%        4    ####...
 Summon Ice Beast         Ice/Summ       #.......     100%        4    ####...
 Summon Lightning Spire   Summ/Air       #.......     100%        4    ####...
 Agony                    Necr           #.......     100%        5    ######.
 Alistair's Intoxication  Tmut/Pois      #.......     100%        5    ######.
 Aura of Abjuration       Summ           #.........   100%        5    ######.
 Blade Hands              Tmut           #.........   100%        5    ######.
 Bolt of Draining         Conj/Necr      #.........   100%        5    ######.
 Bolt of Magma            Conj/Fire/Erth #.........   100%        5    ######.
 Borgnjor's Vile Clutch   Necr/Erth      #.........   100%        5    ######.
 Dispel Undead            Necr           #.......     100%        5    ######.
 Excruciating Wounds      Chrm/Necr      #.........   100%        5    ######.
 Irradiate                Conj/Tmut      #.........   100%        5    ######.
 Lee's Rapid Deconstruct  Erth           #.........   100%        5    ######.
 Lightning Bolt           Conj/Air       #.........   100%        5    ######.
 Metabolic Englaciation   Hex/Ice        #.........   100%        5    ######.
 Silence                  Hex/Air        #.........   100%        5    ######.
 Summon Demon             Summ           #.........   100%        5    ######.
 Summon Forest            Summ/Tloc      ####......   100%        5    ######.
 Summon Mana Viper        Hex/Summ       #.......     100%        5    ######.
 Venom Bolt               Conj/Pois      #.........   100%        5    ######.
 Yara's Violent Unravell  Hex/Tmut       #.........   100%        5    ######.
 Bolt of Cold             Conj/Ice       #.........   100%        6    #######
 Bolt of Fire             Conj/Fire      #.........   100%        6    #######
 Darkness                 Hex            #.........   100%        6    #######
 Death Channel            Necr           #.........   100%        6    #######
 Deflect Missiles         Chrm/Air       #.........   100%        6    #######
 Freezing Cloud           Conj/Ice/Air   #.........   100%        6    #######
 Hydra Form               Tmut           #.........   100%        6    #######
 Invisibility             Hex            #.......     100%        6    #######
 Iron Shot                Conj/Erth      #.........   100%        6    #######
 Ozocubu's Refrigeration  Ice            #.........   100%        6    #######
 Shadow Creatures         Summ           N/A          100%        6    #######
 Simulacrum               Ice/Necr       #.........   100%        6    #######
 Statue Form              Tmut/Erth      #........    100%        6    #######
 Dragon Form              Tmut           #.........   100%        7    #######
 Malign Gateway           Summ/Tloc      ####......   100%        7    #######
 Monstrous Menagerie      Summ           #.........   100%        7    #######
 Ring of Flames           Chrm/Fire      #.........   100%        7    #######
 Summon Greater Demon     Summ           #.........   100%        7    #######
 Summon Hydra             Summ           #.........   100%        7    #######
 Controlled Blink         Tloc           N/A          100%        8    #######
 Discord                  Hex            #.........   100%        8    #######
 Disjunction              Tloc           #####.....   100%        8    #######
 Summon Horrible Things   Summ           #.........   100%        8    #######
 Dragon's Call            Summ           #.........   100%        9    #######
 Shatter                  Erth           #.........   100%        9    #######
 Passage of Golubria      Tloc           Unusable     N/A         4    N/A

Dungeon Overview and Level Annotations

Branches:
Dungeon (15/15)            Temple (1/1) D:7            Lair (6/6) D:11
  Swamp (4/4) Lair:3        Snake (4/4) Lair:2        Slime (5/5) Lair:5
    Orc (2/2) D:10            Elf (3/3) Orc:2        Vaults (5/5) D:13
  Crypt (0/3) Vaults:3     Depths (5/5) D:15            Zot (5/5) Depths:5

Altars:
Ashenzari
Cheibriados
Dithmenos
Elyvilon
Fedhas
Gozag
Hepliaklqana
Kikubaaqudgha
Makhleb
Nemelex Xobeh
Okawaru
Qazlal
Ru
Sif Muna
Trog
Uskayaw
Vehumet
Wu Jian
Xom
Yredelemnul
Zin
The Shining One
Beogh
Jiyva

Shops:
D:6 ?   D:8 *   D:12 (   D:14 }?   Orc:2 !=!=   Snake:2 }   Snake:3 ?=(*
Depths:3 }=}

Portals:
Hell: Depths:1 Depths:2 Depths:3 Depths:4 Depths:5
Abyss: Depths:2 Depths:3 Depths:4
Pandemonium: Depths:3 Depths:4 Depths:5
Ziggurat: Depths:1

Annotations:
D:10 2 runed doors
Lair:6 exclusion: wandering mushroom
Snake:1 exclusion: Roxanne, Roxanne
Snake:3 1 transporter
Slime:5 Royal Jelly
Depths:2 1 runed door, Mesh's ghost, adept SpEn
Depths:5 3 runed doors, Buw Zyr's ghost, adept MiFi
Zot:1 2 transporters, exclusions: downstairs and 1 more exclusion, Popraera's ghost, legendary MfSk
Zot:3 2 transporters, exclusion: obsidian statue
Zot:5 2 exclusions


Innate Abilities, Weirdness & Mutations

You are partially covered in slimy green scales. (AC +2)
Your body sometimes deteriorates upon taking damage.
You are dopey. (Int -2)
Your flesh is heat resistant. (rF+)
You expend magic power (3 MP) to strengthen your wands.


Message History

You block the Orb Guardian's attack.
You hit the Orb Guardian.
The Orb Guardian is almost dead.
You block the Orb Guardian's attack.
You impale the Orb Guardian!!
You kill the Orb Guardian!
There is a stone staircase leading up here.
You climb upwards.
There is a stone staircase leading down here.
You see here a whip.
There is a dry fountain here.
There is a dry fountain here.
There is a staircase leading out of the dungeon here.
Some plants grow in the rain.
You feel somewhat less full.
Some plants grow in the rain.
You feel somewhat less full.
You feel agile all of a sudden.
You feel very mighty all of a sudden.
You feel yourself speed up.
You feel protected.
You have escaped!

......#...# ####.#### ##..####
.....####.###......P### #..#
..........#.....⌠.....# #..#
.....(....##..⌠...⌠..## #..#
.........####.......## #..#
###'###### ##..⌠P.## ##.# ###.#
##≈≈≈## #.# ....# ####≈≈≈#### #.#
############.P≈≈@≈≈..#######.####
#.....P..§≈≈≈≈........#.##..
#..⌠....⌠≈≈≈≈≈⌠....⌠..#.##..
#.....⌠....#(..P⌠.....#.##..
##..⌠P...#####....⌠..##.##..
##....### ###....##..##.. ##.###
###.###..#### ### ### #..####
#..##.'


There were no monsters in sight!

Vanquished Creatures
  the Royal Jelly (Slime:5)
  Tiamat (Zot:1)
  2 orbs of fire
  6 ancient liches
  A juggernaut (Depths:3)
  A pandemonium lord (D:15)
  Sojobo (Depths:1)
  Frederick (Depths:3)
  Saint Roka (Depths:5)
  Xtahua (Depths:3)
  Vashnia (Snake:3)
  A curse toe (Zot:5)
  4 Killer Klowns (Zot:5)
  8 golden dragons
  5 caustic shrikes
  Jory (Depths:3)
  the Enchantress (Depths:5)
  Nikola (Swamp:1)
  A bone dragon (Depths:5)
  An electric golem (Zot:5)
  A Brimstone Fiend (Swamp:3)
  A Tzitzimitl (Depths:2)
  Rupert (Lair:5)
  23 tentacled monstrosities
  4 liches
  21 Orb Guardians
  10 quicksilver dragons
  2 deep elf master archers (Elf:3)
  9 acid blobs
  3 deep elf blademasters (Elf:3)
  Agnes (Snake:1)
  A tentacled starspawn (Abyss:4)
  An Executioner (D:10)
  4 death cobs
  3 sphinxes
  9 tengu reavers
  14 shadow dragons
  14 storm dragons
  8 nagarajas (Snake:4)
  8 draconian monks
  5 azure jellies
  An iron dragon (Depths:3)
  11 vault wardens
  2 orc warlords
  16 frost giants
  11 fire giants
  2 draconian knights (Zot:2)
  A balrug (Zot:4)
  8 draconian scorchers
  13 deep elf sorcerers
  3 deep elf elementalists (Elf:3)
  4 draconian stormcallers
  7 spriggan defenders
  7 draconian shifters
  20 very ugly things
  14 ironheart preservers
  A blood saint (Zot:4)
  5 draconian annihilators
  6 vampire knights
  17 stone giants
  2 war gargoyles (Vaults:5)
  5 deep elf demonologists
  The ghost of nawrastar the Warrior, a journeyman KoBe of Trog (Lair:5)
  11 green draconians
  11 black draconians
  12 red draconians
  7 deep elf annihilators
  16 purple draconians
  4 spark wasps (Depths:4)
  5 deep elf death magi
  8 yellow draconians
  3 merfolk javelineers
  11 white draconians
  24 ettins
  14 fire dragons
  A merfolk impaler (Depths:3)
  A green death (D:15)
  17 ogre magi
  2 death oozes
  2 deep elf high priests (Elf:3)
  11 naga warriors
  12 hydras
  41 vault guards
  10 great orbs of eyes
  A great orb of eyes (shapeshifter) (Vaults:2)
  17 yaktaur captains
  6 spriggan air magi
  9 rakshasas
  A catoblepas (Lair:4)
  The ghost of Sokar the Severer, a journeyman HOMo of Beogh (Lair:1)
  6 ice dragons
  9 centaur warriors
  8 anacondas
  A ghost crab (Swamp:2)
  3 death knights
  46 two-headed ogres
  8 tengu warriors
  15 alligators
  23 dancing weapons
  5 deep troll shamans
  2 shock serpents
  18 naga sharpshooters
  10 deep troll earth magi
  An orc high priest (Orc:2)
  2 vampire magi (Vaults:3)
  4 death yaks
  5 spriggan berserkers
  Nergalle (D:10)
  2 soul eaters
  An iron troll (Depths:2)
  2 fire crabs (Swamp:4)
  6 shadow wraiths
  18 deep elf knights
  5 hell knights
  3 shadow demons (Depths:2)
  4 naga ritualists
  2 spriggan druids (Swamp:3)
  A deep troll (shapeshifter) (Vaults:4)
  7 swamp dragons
  4 glowing orange brains
  A salamander mystic (Snake:2)
  3 unseen horrors
  11 deep elf archers
  A shadow dragon zombie (Vaults:5)
  38 deep trolls
  Pikel (D:6)
  3 phantasmal warriors (Vaults:5)
  4 flayed ghosts
  4 necromancers
  7 wizards
  12 ironbrand convokers
  10 orc knights
  6 mana vipers
  4 harpies (Vaults:1)
  A wolf spider zombie (D:14)
  53 deep elf magi
  A shining eye (shapeshifter) (Vaults:3)
  20 moths of wrath
  12 orc sorcerers
  A frost giant zombie (Vaults:5)
  2 wolf spiders
  9 salamanders
  A faun (shapeshifter) (D:15)
  61 ugly things
  3 shining eyes
  3 manticores
  3 cyclopes
  2 elephants (shapeshifter)
  A rust devil (Depths:3)
  2 centaur zombies
  An elephant (Lair:6)
  3 ice statues
  Joseph (D:9)
  8 spiny frogs
  A gargoyle (D:15)
  20 naga magi
  23 black mambas
  2 eyes of devastation (Slime:5)
  A smoke demon (Abyss:4)
  12 vault sentinels
  4 guardian serpents
  56 yaktaurs
  A komodo dragon (shapeshifter) (Vaults:1)
  2 hellions
  4 rime drakes
  5 komodo dragons
  5 kobold demonologists
  6 freezing wraiths
  A rime drake (shapeshifter) (D:13)
  2 efreet
  2 yaktaur skeletons (Vaults:5)
  2 red devils
  6 tengu conjurers
  A tormentor (Depths:3)
  14 tyrant leeches
  4 human skeletons
  A merfolk (shapeshifter) (Vaults:5)
  A meliai (shapeshifter) (D:15)
  A silent spectre (Abyss:4)
  16 polar bears
  A jumping spider (shapeshifter) (D:14)
  14 hornets
  A blink frog (shapeshifter) (Vaults:5)
  4 trolls
  64 slime creatures
  A raiju (shapeshifter) (Vaults:1)
  10 blink frogs
  18 hippogriffs
  A dream sheep (Lair:6)
  7 bog bodies
  A slime creature (shapeshifter) (Depths:3)
  A redback (Vaults:4)
  13 water elementals
  An ettin skeleton (Abyss:4)
  2 wraiths
  9 shadows
  An air elemental (Elf:3)
  A redback (shapeshifter) (Vaults:5)
  A large abomination (Abyss:4)
  22 spriggans
  A spriggan (shapeshifter) (Depths:4)
  2 starcursed masses (Abyss:4)
  A tarantella (shapeshifter) (Vaults:5)
  A human (shapeshifter) (Vaults:4)
  A hog (shapeshifter) (Vaults:1)
  32 yaks
  6 wyverns
  2 golden eyes (Slime:1)
  8 vampire mosquitoes
  5 steam dragons
  8 hungry ghosts
  10 basilisks
  A chaos spawn (Abyss:4)
  Menkaure (D:4)
  15 insubstantial wisps
  20 wargs
  3 acid dragons
  Edmund (D:6)
  2 two-headed ogre zombies (D:10)
  10 swamp worms
  63 nagas
  7 water moccasins
  2 floating eyes
  Duvessa (D:6)
  6 porcupines
  41 orc warriors
  4 phantoms
  An eye of draining (Slime:3)
  8 ice beasts
  2 black bears (Lair:6)
  2 necrophages
  7 swamp drakes
  8 boggarts
  A sky beast (D:5)
  20 wolves
  55 ogres
  9 crocodiles
  16 centaurs
  7 big kobolds
  18 bullfrogs
  8 gnoll sergeants (Bailey)
  4 earth elementals
  2 wyvern skeletons
  A troll zombie (D:10)
  5 scorpions
  Dowan (D:6)
  21 killer bees
  3 human simulacra
  7 wights
  4 howler monkeys
  An electric eel (Lair:3)
  7 crimson imps
  2 quasits
  An iron imp (Depths:3)
  A bullfrog zombie (D:7)
  8 jellies
  32 orc wizards
  17 orc priests
  Crazy Yiuf (D:6)
  2 bullfrog skeletons
  3 centaur skeletons
  6 gnoll shamans (Bailey)
  13 hounds
  5 iguanas
  9 worker ants
  A hell rat (D:11)
  2 yak simulacra (D:9)
  A worker ant (shapeshifter) (D:15)
  A killer bee zombie (D:7)
  3 polar bear simulacra (D:9)
  6 wolf simulacra (D:9)
  5 ogre zombies (D:10)
  7 wandering mushrooms
  A hound zombie (D:4)
  2 hound skeletons
  A worker ant zombie (D:7)
  17 gnolls
  A river rat (D:11)
  12 adders
  4 shadow imps
  13 white imps
  2 oozes (Lair:5)
  2 worms
  3 dart slugs
  5 leopard geckos
  137 orcs
  5 bats
  4 giant cockroaches (D:2)
  5 hobgoblins
  7 jackals
  22 kobolds
  6 quokkas
  6 frilled lizards
  6 goblins
  A goblin skeleton (D:10)
  A goblin zombie (D:10)
  A hobgoblin skeleton (D:10)
  A hobgoblin zombie (D:10)
  A leopard gecko skeleton (D:5)
  4 orc skeletons (D:10)
  17 orc zombies
  4 rats
  10 ballistomycetes
  5 ballistomycete spores
  A fire vortex (Swamp:4)
  A starspawn tentacle (Abyss:4)
  2 toadstools (Lair:3)
2387 creatures vanquished.

Vanquished Creatures (collateral kills)
  An ancient lich (Zot:5)
  A golden dragon (Zot:5)
  Asterion (Snake:1)
  3 Orb Guardians (Zot:5)
  An acid blob (Slime:1)
  An Executioner (Zot:5)
  A vault warden (Vaults:2)
  A deep elf sorcerer (Elf:1)
  A draconian stormcaller (Zot:5)
  2 draconian scorchers (Zot:5)
  A vampire knight (Depths:2)
  A deep elf death mage (Elf:3)
  A death ooze (Slime:5)
  A deep elf high priest (Elf:3)
  2 naga warriors
  2 vault guards
  3 hydras
  A deep troll shaman (Vaults:1)
  A naga sharpshooter (Snake:4)
  A shock serpent (Snake:4)
  A flayed ghost (Vaults:2)
  2 naga ritualists
  An orc knight (D:11)
  A harpy (Vaults:1)
  A necromancer (Vaults:5)
  An ugly thing (Vaults:1)
  2 deep elf magi
  2 mana vipers
  5 elephants (Lair:6)
  5 black mambas
  5 spiny frogs
  2 rime drakes (Lair:5)
  A komodo dragon (Lair:1)
  A troll (Orc:1)
  4 polar bears
  2 slime creatures
  A hippogriff (Lair:6)
  3 hornets (Lair:6)
  A bog body (Swamp:1)
  A tyrant leech (Swamp:1)
  9 blink frogs
  6 spriggans (Lair:6)
  A spriggan (shapeshifter) (D:15)
  2 shadows (Depths:2)
  6 yaks
  A vampire mosquito (D:13)
  A basilisk (Lair:5)
  2 wargs
  A hungry ghost (D:13)
  A soldier ant (D:15)
  An insubstantial wisp (Swamp:1)
  2 water moccasins
  10 nagas
  2 swamp drakes
  2 orc warriors
  An ice beast (Lair:5)
  2 ogres
  A black bear (Lair:6)
  6 wolves (Lair:6)
  A boggart (Lair:6)
  A bullfrog (Lair:4)
  5 killer bees (Lair:3)
  A wight (D:15)
  An orc priest (D:13)
  A jelly (Lair:5)
  6 orc wizards
  A white imp (Lair:5)
  9 orcs
  10 ballistomycete spores
  A hyperactive ballistomycete (Snake:4)
  2 toadstools (Swamp:4)
165 creatures vanquished.

Vanquished Creatures (others)
  2 thorn hunters (Swamp:4)
  An ettin (Vaults:5)
  7 oklob plants
  A rakshasa (Depths:3)
  2 hydras (Swamp:4)
  5 shambling mangroves
  An alligator (Swamp:4)
  A centaur warrior (D:13)
  3 two-headed ogres
  3 spriggans
  A fire crab (Swamp:4)
  An unseen horror (D:15)
  A deep troll (Depths:4)
  A spriggan druid (Swamp:4)
  3 swamp dragons (Swamp:4)
  An ironbrand convoker (Vaults:2)
  A deep elf mage (D:15)
  A salamander (Snake:1)
  A black mamba (Snake:1)
  A naga mage (Snake:4)
  A vault sentinel (Vaults:4)
  2 spiny frogs (Swamp:4)
  2 yaktaurs (Depths:1)
  66 wandering mushrooms
  18 hornets
  A polar bear (IceCv)
  A meliai (shapeshifter) (D:13)
  2 tyrant leeches (Swamp:4)
  A blink frog (Swamp:4)
  4 slime creatures (Swamp:4)
  3 bog bodies
  2 steam dragons (Swamp:4)
  4 vampire mosquitoes (Swamp:4)
  3 insubstantial wisps (Swamp:2)
  A swamp worm (Swamp:4)
  A porcupine (Lair:5)
  5 swamp drakes (Swamp:4)
  An orc warrior (D:11)
  2 slaves (D:6)
  An ogre (Vaults:1)
  A wight (D:15)
  5 orc wizards
  A worker ant (D:6)
  3 orcs
  A goblin (D:2)
  A rat (D:2)
  126 ballistomycetes
  38 ballistomycete spores
  5 briar patches (Swamp:4)
  27 fungi
  2 hyperactive ballistomycetes (Vaults:5)
  38 plants
  A starspawn tentacle (Abyss:4)
  1305 toadstools
1713 creatures vanquished.

Grand Total: 4265 creatures vanquished

Notes
Turn   | Place    | Note
-------+----------+-------------------------------------------
     0 | D:1      | MeekVeins the Human Fighter began the quest for the Orb.
     0 | D:1      | Reached XP level 1. HP: 18/18 MP: 1/1
   115 | D:1      | Reached XP level 2. HP: 22/24 MP: 2/2
   381 | D:1      | Reached XP level 3. HP: 28/29 MP: 3/3
   587 | D:2      | Reached skill level 3 in Maces & Flails
   664 | D:2      | Reached XP level 4. HP: 34/35 MP: 4/4
   722 | D:2      | Found a radiant altar of Vehumet.
  1115 | D:2      | Found a deep blue altar of Sif Muna.
  1602 | D:3      | Found a glowing silver altar of Zin.
  1603 | D:3      | Found a white marble altar of Elyvilon.
  1603 | D:3      | Found a bloodstained altar of Trog.
  1604 | D:3      | Found a hazy altar of Hepliaklqana.
  1705 | D:3      | Found a shattered altar of Ashenzari.
  2228 | D:4      | Reached skill level 4 in Maces & Flails
  2228 | D:4      | Reached XP level 5. HP: 26/41 MP: 5/5
  2575 | D:4      | Found a shimmering altar of Xom.
  2575 | D:4      | Found a burning altar of Makhleb.
  2949 | D:4      | Found a transporter.
  2997 | D:4      | Noticed a hungry ghost
  3000 | D:4      | Found a transporter.
  3031 | D:4      | Noticed a phantom
  3033 | D:4      | Found an ancient bone altar of Kikubaaqudgha.
  3035 | D:4      | Noticed Menkaure
  3049 | D:4      | Found a basalt altar of Yredelemnul.
  3241 | D:5      | Entered Level 5 of the Dungeon
  3258 | D:5      | Noticed a hungry ghost
  3283 | D:5      | Killed a hungry ghost
  3283 | D:5      | Reached skill level 5 in Maces & Flails
  3283 | D:5      | Reached XP level 6. HP: 37/47 MP: 6/6
  3296 | D:5      | Reached skill level 6 in Maces & Flails
  3330 | D:5      | Reached XP level 7. HP: 37/52 MP: 7/7
  3623 | D:5      | Reached skill level 7 in Maces & Flails
  3781 | D:5      | Reached XP level 8. HP: 60/60 MP: 8/8
  4114 | D:5      | Got a heavily jewelled robe
  4125 | D:5      | Identified the cursed +0 robe "Catuyrrim" {Str-2 Int+4
                  | Dex+3} (You found it on level 5 of the Dungeon)
  4163 | D:6      | Noticed Duvessa
  4163 | D:6      | Noticed Dowan
  4240 | D:6      | Noticed Pikel
  4259 | D:6      | Killed Pikel
  4259 | D:6      | Reached skill level 8 in Maces & Flails
  4575 | D:6      | Reached XP level 9. HP: 63/66 MP: 9/9
  4748 | D:6      | Reached skill level 9 in Maces & Flails
  5049 | D:6      | Killed Dowan
  5051 | D:6      | Killed Duvessa
  5371 | D:6      | Noticed Edmund
  5376 | D:6      | Killed Edmund
  5376 | D:6      | Reached skill level 10 in Maces & Flails
  5456 | D:6      | Found a runed door.
  5460 | D:6      | Noticed Crazy Yiuf
  5466 | D:6      | Killed Crazy Yiuf
  5726 | D:6      | Found Pupaeteu's Magic Scroll Emporium.
  5732 | D:6      | Bought a scroll of fear for 42 gold pieces
  5732 | D:6      | Bought a scroll of identify for 24 gold pieces
  5732 | D:6      | Bought a scroll of magic mapping for 42 gold pieces
  5732 | D:6      | Bought a scroll of identify for 24 gold pieces
  5737 | D:6      | Bought a scroll of identify for 24 gold pieces
  5785 | D:7      | Found a white marble altar of Elyvilon.
  6053 | D:7      | Reached skill level 11 in Maces & Flails
  6137 | D:7      | Found a staircase to the Ecumenical Temple.
  6235 | Temple   | Entered the Ecumenical Temple
  6336 | Temple   | Became a worshipper of Fedhas Madash
  6432 | D:7      | Reached XP level 10. HP: 67/73 MP: 8/10
  6832 | D:8      | Reached skill level 12 in Maces & Flails
  6881 | D:8      | Found Foejurao's Assorted Antiques.
  6882 | D:8      | Noticed a kobold demonologist
  6924 | D:7      | Killed a kobold demonologist
  6943 | D:8      | Noticed a kobold demonologist
  6962 | D:8      | Noticed a sun demon
  6965 | D:8      | Noticed a sun demon
  6972 | D:7      | Killed a kobold demonologist
  7010 | D:8      | Bought a blackened silver wand for 68 gold pieces
  7010 | D:8      | Bought a large coral ring for 85 gold pieces
  7274 | D:8      | Reached skill level 13 in Maces & Flails
  7850 | D:9      | Found a flagged portal.
  7870 | Bailey   | Entered a bailey
  8009 | Bailey   | Reached * piety under Fedhas
  8099 | Bailey   | Reached XP level 11. HP: 56/79 MP: 8/11
  8604 | D:9      | Reached skill level 14 in Maces & Flails
  8828 | D:9      | Noticed Joseph
  8852 | D:9      | Killed Joseph
  8852 | D:9      | Reached skill level 6 in Fighting
  8866 | D:9      | Noticed a necromancer
  8873 | D:9      | Killed a necromancer
  9393 | D:9      | Found a sparkling altar of Nemelex Xobeh.
  9463 | D:9      | Found a shadowy altar of Dithmenos.
  9595 | D:10     | Entered Level 10 of the Dungeon
  9735 | D:10     | Found a staircase to the Orcish Mines.
  9864 | D:10     | Reached skill level 6 in Shields
  9891 | D:10     | Found a runed door.
  9937 | D:10     | Noticed Nergalle
  9945 | D:10     | Noticed a spectral orc warlord
  9959 | D:10     | Killed Nergalle
 10051 | D:10     | Reached ** piety under Fedhas
 10518 | D:10     | Found a runed door.
 10718 | D:4      | Killed Menkaure
 10740 | D:4      | Reached skill level 1 in Evocations
 10948 | D:11     | Noticed a death yak
 10983 | D:11     | Killed a death yak
 10983 | D:11     | Reached XP level 12. HP: 53/91 MP: 7/13
 10994 | D:11     | Noticed a death yak
 11190 | D:11     | Noticed a death yak
 11225 | D:10     | Killed a death yak
 11225 | D:10     | Reached skill level 6 in Armour
 11265 | D:10     | Reached skill level 3 in Evocations
 11321 | D:11     | Killed a death yak
 11454 | D:11     | Found a staircase to the Lair.
 11466 | D:11     | Reached skill level 1 in Invocations
 11471 | D:11     | Noticed an eight-headed hydra
 11488 | D:11     | Killed an eight-headed hydra
 11905 | D:11     | Reached *** piety under Fedhas
 11953 | D:11     | Reached skill level 3 in Invocations
 12039 | D:11     | Reached skill level 9 in Shields
 12596 | Lair:1   | Entered Level 1 of the Lair of Beasts
 12609 | Lair:1   | Noticed an eight-headed hydra
 12618 | Lair:1   | Killed an eight-headed hydra
 12673 | Lair:1   | Found a runed gate.
 12674 | Lair:1   | Found a runed gate.
 12674 | Lair:1   | Found a runed gate.
 12675 | Lair:1   | Noticed Sokar's ghost (journeyman HOMo)
 12739 | Lair:1   | Reached skill level 6 in Evocations
 12769 | Lair:1   | Reached XP level 13. HP: 97/97 MP: 17/17
 12798 | Lair:1   | Found a frozen archway.
 12848 | IceCv    | Entered an ice cave
 13903 | IceCv    | Reached skill level 6 in Invocations
 14288 | IceCv    | Noticed a frost giant
 14314 | IceCv    | Killed a frost giant
 14538 | IceCv    | Got a smoking hat
 14549 | IceCv    | Identified the +1 hat "Quil" {Int+7 SInv} (You found it in
                  | an ice cave)
 15112 | Lair:1   | Reached **** piety under Fedhas
 15472 | Lair:2   | Noticed a five-headed hydra
 15493 | Lair:2   | Killed a five-headed hydra
 15797 | Lair:2   | Found a staircase to the Snake Pit.
 15917 | Lair:2   | Noticed a six-headed hydra
 15928 | Lair:2   | Killed a six-headed hydra
 15928 | Lair:2   | Reached skill level 9 in Fighting
 16559 | Lair:3   | Got a crude trident
 16560 | Lair:3   | Identified the +9 trident of Ru's Anger {pierce, +Fly rN+
                  | Int-4 SInv} (You found it on level 3 of the Lair of Beasts)
 16594 | Lair:3   | Got a brightly glowing falchion
 16595 | Lair:3   | Identified the +6 falchion of Suasoph {protect, rC++} (You
                  | found it on level 3 of the Lair of Beasts)
 16645 | Lair:3   | Noticed a five-headed hydra
 16659 | Lair:3   | Killed a five-headed hydra
 16881 | Lair:3   | Reached XP level 14. HP: 49/107 MP: 20/20
 17853 | Lair:4   | Reached skill level 1 in Dodging
 17943 | Lair:4   | Identified the cursed +1 war axe of Xom's Pride {drain,
                  | Dex+4} (You found it on level 4 of the Lair of Beasts)
 18386 | Lair:5   | Reached skill level 3 in Dodging
 18542 | Lair:5   | Found a staircase to the Slime Pits.
 18673 | Lair:5   | Found a runed door.
 18740 | Lair:5   | Noticed nawrastar's ghost (journeyman KoBe)
 19258 | Lair:5   | Got a brightly glowing glass ring
 19277 | Lair:5   | Noticed Rupert
 19277 | Lair:5   | Paralysed by Rupert for 7 turns
 19288 | Lair:6   | Entered Level 6 of the Lair of Beasts
 19617 | Lair:6   | Identified the ring of Noud {MR+ Int+3} (You found it on
                  | level 5 of the Lair of Beasts)
 19720 | Lair:6   | Reached skill level 12 in Shields
 20265 | Lair:6   | Reached XP level 15. HP: 114/114 MP: 21/21
 20269 | Lair:6   | Got a polished plate armour
 20280 | Lair:6   | Identified the +5 plate armour "Enleaxasch" {*Drain rElec
                  | Regen+ Stlth+} (You found it on level 6 of the Lair of
                  | Beasts)
 20827 | Lair:5   | Killed Rupert
 21060 | Lair:5   | Killed nawrastar's ghost
 21180 | Lair:3   | Found a staircase to the Swamp.
 21535 | Lair:1   | Killed Sokar's ghost
 22097 | D:12     | Found Bukoijuo's Weapon Shoppe.
 22450 | D:12     | Found a sparkling altar of Nemelex Xobeh.
 22879 | D:13     | Reached ***** piety under Fedhas
 22908 | D:13     | Found a gate to the Vaults.
 24561 | D:14     | Found Qyatoent's Gadget Shop.
 24566 | D:14     | Found Kosok Fun's Magic Scroll Shop.
 24600 | D:15     | Entered Level 15 of the Dungeon
 24780 | D:15     | Reached XP level 16. HP: 114/126 MP: 20/22
 24919 | D:15     | Reached skill level 12 in Fighting
 25323 | D:15     | Reached skill level 15 in Shields
 25378 | D:15     | Reached skill level 9 in Invocations
 25655 | D:15     | Found a staircase to the Depths.
 25796 | Orc:1    | Entered Level 1 of the Orcish Mines
 25814 | Orc:1    | Reached skill level 9 in Evocations
 26318 | Orc:2    | Entered Level 2 of the Orcish Mines
 26588 | Orc:2    | Found Ifriyross's Jewellery Shoppe.
 26691 | Orc:2    | Found Taucad's Distillery.
 26789 | Orc:2    | Found a staircase to the Elven Halls.
 27128 | Orc:2    | Found Sugeen's Distillery.
 27128 | Orc:2    | Found Rarchum's Jewellery Shoppe.
 27164 | Orc:2    | Bought a potion of agility for 56 gold pieces
 27174 | Orc:2    | Found a roughly hewn altar of Beogh.
 27740 | Orc:2    | Bought the ring "Moshruc" {*Slow rF+ MR+++ Str-5 Dex+5} for
                  | 526 gold pieces
 27923 | D:14     | Bought a scroll of acquirement for 676 gold pieces
 27923 | D:14     | Bought a scroll of enchant weapon for 97 gold pieces
 27923 | D:14     | Bought a scroll of identify for 26 gold pieces
 27923 | D:14     | Bought a scroll of vulnerability for 97 gold pieces
 27930 | D:14     | Bought a scroll of enchant weapon for 97 gold pieces
 28094 | D:6      | Bought a scroll of brand weapon for 240 gold pieces
 28094 | D:6      | Bought a scroll of holy word for 90 gold pieces
 28267 | Swamp:1  | Entered Level 1 of the Swamp
 28473 | Snake:1  | Entered Level 1 of the Snake Pit
 28505 | Snake:1  | Noticed Asterion
 28519 | Snake:1  | Killed Asterion
 28538 | Snake:1  | Noticed Agnes
 28641 | Snake:1  | Killed Agnes
 28847 | Snake:1  | Reached XP level 17. HP: 68/137 MP: 24/24
 30163 | Snake:1  | Identified Roxanne's Catalogue of the Rocks
 30163 | Snake:1  | Noticed Roxanne
 30906 | Swamp:1  | Noticed Nikola
 30964 | Swamp:1  | Killed Nikola
 31263 | Swamp:1  | Reached skill level 15 in Maces & Flails
 31889 | Swamp:2  | Found a radiant altar of Vehumet.
 31922 | Swamp:2  | Found the +5 pair of quick blades "Gyre" and "Gimble"
                  | {pierce, Dex-3}
 32065 | Swamp:2  | Got a heavily runed scale mail
 32078 | Swamp:2  | Identified the cursed +1 scale mail "Ystret" {Int+2} (You
                  | found it on level 2 of the Swamp)
 32831 | Swamp:3  | Reached XP level 18. HP: 118/146 MP: 19/26
 32949 | Swamp:3  | Found a transporter.
 33051 | Swamp:3  | Found a transporter.
 33118 | Swamp:3  | Paralysed by the power of Zot for 4 turns
 33130 | Swamp:3  | Noticed a Brimstone Fiend
 33186 | Swamp:4  | Entered Level 4 of the Swamp
 33620 | Swamp:4  | Reached skill level 9 in Armour
 33933 | Swamp:4  | Reached skill level 16 in Maces & Flails
 34522 | Swamp:4  | Got a decaying rune of Zot
 34611 | Swamp:3  | Reached skill level 6 in Dodging
 34648 | Swamp:3  | Killed a Brimstone Fiend
 34666 | Swamp:3  | Got a shimmering ruby amulet
 34677 | Swamp:3  | Identified the amulet "Gowoit" {+Rage rC++} (You found it
                  | on level 3 of the Swamp)
 34678 | Swamp:3  | Identified the ring of Xogiyref {rCorr rN+ Dex+7} (You
                  | found it on level 3 of the Swamp)
 34868 | Snake:2  | Found Datuymuc's Gadget Emporium.
 35922 | Snake:3  | Found Benank's Jewellery Emporium.
 36127 | Snake:3  | Bought the amulet of the Four Winds {rN+ MR+++ Clar} for
                  | 526 gold pieces
 36127 | Snake:3  | Found the amulet of the Four Winds {rN+ MR+++ Clar}
 36162 | Snake:3  | Noticed Vashnia
 36945 | Snake:3  | Killed Vashnia
 36945 | Snake:3  | Reached skill level 12 in Evocations
 37602 | Snake:3  | Found Semom's Magic Scroll Emporium.
 37714 | Snake:3  | Found a transporter.
 37723 | Snake:3  | Found a radiant altar of Vehumet.
 37813 | Snake:3  | Found Doodeo's Food Shoppe.
 37862 | Snake:3  | Found Axem's Weapon Boutique.
 37883 | Snake:3  | Found Leabrepp's Assorted Antiques.
 37887 | Snake:3  | Bought a scroll of identify for 60 gold pieces
 37895 | Snake:3  | Got a fine shield
 37906 | Snake:3  | Identified the +1 shield of the Hare {rF++ Str+4 Dex+3}
                  | (You acquired it on level 3 of the Snake Pit)
 38743 | Snake:4  | Entered Level 4 of the Snake Pit
 38927 | Snake:4  | Reached XP level 19. HP: 114/152 MP: 19/28
 39566 | Snake:4  | Cast into level 4 of the Abyss (a Zot trap)
 39592 | Abyss:4  | Reached skill level 1 in Stealth
 39822 | Abyss:4  | Got an abyssal rune of Zot
 39965 | Snake:4  | Escaped the Abyss
 41219 | Snake:4  | Reached skill level 9 in Dodging
 41508 | Snake:4  | Reached skill level 12 in Armour
 41795 | Snake:4  | Got a serpentine rune of Zot
 42032 | Elf:1    | Entered Level 1 of the Elven Halls
 42068 | Elf:1    | Found a radiant altar of Vehumet.
 42558 | Elf:1    | Reached skill level 15 in Fighting
 43120 | Elf:2    | Reached XP level 20. HP: 152/162 MP: 29/29
 43123 | Elf:2    | Found a runed gate.
 43123 | Elf:2    | Found a runed gate.
 43125 | Elf:2    | Found a runed gate.
 44249 | Elf:3    | Entered Level 3 of the Elven Halls
 44909 | Elf:3    | Reached skill level 12 in Dodging
 44926 | Elf:3    | Identified the cursed +1 trident "Yghefylo" {drain, rF+
                  | MP+9 Dex+2 Stlth+}
 44966 | Elf:3    | Identified the +6 rapier "Koixilaewe" {pierce, rElec rPois
                  | Dex-5}
 44966 | Elf:3    | Identified the amulet "Qahug" {RegenMP rN++ MR+ Int-3
                  | Dex+2}
 45175 | Elf:3    | Identified the cursed +3 flail of the Exiled Beggars
                  | {antimagic, -Tele rPois rN+++ Int+2}
 45482 | Elf:3    | Reached XP level 21. HP: 115/171 MP: 30/30
 45686 | Elf:3    | Found the +6 Majin-Bo {vamp, Archmagi MP+6 Int+6}
 45793 | Elf:3    | Identified the cursed +0 helmet of the Turtle {rPois MP+9
                  | Int+3} (You found it on level 3 of the Elven Halls)
 45954 | Elf:1    | Got a crude shield
 45960 | Elf:1    | Identified the +0 shield "Giunug" {rPois} (You acquired it
                  | on level 1 of the Elven Halls)
 46232 | Vaults:1 | Entered Level 1 of the Vaults
 46409 | Vaults:1 | Found a magical portal.
 46438 | WizLab   | Entered The Hall of the Hellbinder
 49311 | Vaults:2 | Reached XP level 22. HP: 156/178 MP: 32/32
 50229 | Vaults:3 | Reached skill level 15 in Armour
 50375 | Vaults:3 | Identified the ring "Noenyredd" {*Slow rElec rPois MR+
                  | Int+5}
 50393 | Vaults:3 | Reached skill level 17 in Maces & Flails
 50509 | Vaults:3 | Gained mutation: You are dopey. (Int -2) [a shining eye]
 50529 | Vaults:3 | Found the +8 frozen axe "Frostbite" {freezing cloud, *Noise
                  | +Fly rC+}
 51347 | Vaults:3 | Found a staircase to the Crypt.
 52162 | Vaults:4 | Reached XP level 23. HP: 181/188 MP: 33/33
 52604 | Vaults:4 | Reached skill level 18 in Fighting
 53558 | Vaults:5 | Entered Level 5 of the Vaults
 54756 | Vaults:5 | Identified the ring "Ithops" {MR+ Str+3 Int+4} (You took it
                  | off a vault guard on level 5 of the Vaults)
 54851 | Vaults:5 | Reached XP level 24. HP: 133/204 MP: 33/33
 55684 | Vaults:5 | Noticed an ancient lich
 55698 | Vaults:5 | Killed an ancient lich
 56037 | Vaults:5 | Identified Estra's Volume of the Scorching Rocks
 56108 | Vaults:5 | Reached skill level 12 in Invocations
 56148 | Vaults:5 | HP: 8/204 [quicksilver dragon/bolt of dispelling energy
                  | (38)]
 56198 | Vaults:4 | Reached ****** piety under Fedhas
 56642 | Vaults:4 | Upgraded the game from 0.23-a0-326-gb49dddc804 to
                  | 0.23-a0-332-g9fe5f1002e
 57009 | Vaults:5 | Got a silver rune of Zot
 57010 | Vaults:5 | Identified the Incunabulum of Boosts and Combat Magic
 57042 | Vaults:5 | Identified the Reference Book on the Evil Escort
 57047 | Vaults:5 | Got a polished cloak
 57058 | Vaults:5 | Identified the +1 cloak "Juuschei" {*Contam rF- rCorr
                  | Slay+4} (You found it on level 5 of the Vaults)
 57173 | Vaults:5 | Reached skill level 18 in Maces & Flails
 57277 | Vaults:5 | Noticed an ancient lich
 57286 | Vaults:5 | Killed an ancient lich
 57573 | Vaults:5 | Identified the +11 falchion of Sazustin {flame, +Inv rElec}
 57663 | Vaults:5 | Noticed a golden dragon
 57703 | Vaults:5 | Reached XP level 25. HP: 140/210 MP: 33/33
 57748 | Vaults:5 | Learned a level 2 spell: Blink
 57988 | Vaults:5 | Reached skill level 19 in Maces & Flails
 57988 | Vaults:5 | Reached skill level 1 in Translocations
 57998 | Vaults:5 | Found the +0 pair of fencer's gloves {+Riposte Dex+3}
 58027 | Vaults:5 | Identified the Papyrus of Contamination
 58420 | Vaults:5 | Got a scorched shield
 58431 | Vaults:5 | Identified the cursed +0 shield "Jaihaus" {rPois rF+} (You
                  | found it on level 5 of the Vaults)
 58657 | Depths:1 | Entered Level 1 of the Depths
 58657 | Depths:1 | Found a gateway to a ziggurat.
 58732 | Depths:1 | Reached skill level 3 in Translocations
 58767 | Depths:1 | Noticed Sojobo
 59275 | Depths:1 | Killed Sojobo
 59796 | Depths:1 | Found a gateway to Hell.
 59834 | Depths:1 | Reached skill level 6 in Translocations
 60451 | Depths:2 | Found a one-way gate to the infinite horrors of the Abyss.
 60875 | Depths:2 | Reached skill level 20 in Maces & Flails
 60939 | Depths:2 | Found the +2 pair of boots of the Assassin {Detection Stab+
                  | Stlth++}
 60939 | Depths:2 | Identified the ring of Raravaic {*Drain +Fly rPois Dex+5
                  | Stlth+}
 60957 | Depths:2 | Found a shadowy altar of Dithmenos.
 60984 | Depths:2 | Reached skill level 9 in Translocations
 61252 | Depths:2 | Found a runed door.
 61252 | Depths:2 | Noticed Mesh's ghost (adept SpEn)
 61336 | Depths:2 | Found a portal to a secret trove of treasure.
 61476 | Depths:2 | You paid a toll of +3 fire dragon scales to enter a
                  | treasure trove
 61477 | Trove    | Entered a treasure trove
 61485 | Trove    | Identified Sif Muna's Compendium of the Feathery Voyage
 61546 | Trove    | Identified Sif Muna's Papyrus of the Supportive Oath
 61601 | Depths:3 | Reached skill level 1 in Spellcasting
 61606 | Depths:3 | Reached XP level 26. HP: 181/218 MP: 33/33
 61954 | Depths:3 | Noticed Xtahua
 61979 | Depths:3 | Killed Xtahua
 62183 | Depths:3 | Reached skill level 3 in Spellcasting
 62377 | Depths:3 | Noticed Frederick
 62383 | Depths:3 | Killed Frederick
 62612 | Depths:3 | Noticed Jory
 62624 | Depths:3 | Killed Jory
 62667 | Depths:3 | Found a one-way gate leading to the halls of Pandemonium.
 62736 | Depths:3 | Found Pyere's Gadget Shoppe.
 62738 | Depths:3 | Found Zymmouce's Jewellery Boutique.
 62746 | Depths:3 | Found Pauchoerph's Gadget Shoppe.
 62883 | Depths:3 | Noticed a juggernaut
 62898 | Depths:3 | Killed a juggernaut
 63350 | Depths:4 | Identified the Handbook of the Mountains and Contamination
 63533 | Depths:4 | Reached skill level 21 in Maces & Flails
 64143 | Depths:4 | Reached XP level 27. HP: 199/224 MP: 33/33
 64543 | Depths:5 | Entered Level 5 of the Depths
 64544 | Depths:5 | Found a runed gate.
 64549 | Depths:5 | Found a runed gate.
 64583 | Depths:4 | Reached skill level 18 in Armour
 65054 | Depths:5 | Noticed Saint Roka
 65254 | Depths:5 | Killed Saint Roka
 65796 | Depths:5 | Reached skill level 22 in Maces & Flails
 65868 | Depths:5 | Found a gate to the Realm of Zot.
 66023 | Depths:5 | Identified the +2 faerie dragon scales {MR++ rCorr Slay+2}
 66023 | Depths:5 | Noticed the Enchantress
 66046 | Depths:5 | Killed the Enchantress
 66094 | Depths:5 | Found a runed gate.
 66094 | Depths:5 | Noticed Buw Zyr's ghost (adept MiFi)
 66094 | Depths:5 | Noticed an ancient lich
 66441 | Snake:3  | Bought a scroll of enchant armour for 112 gold pieces
 66441 | Snake:3  | Bought 3 scrolls of brand weapon for 900 gold pieces
 66441 | Snake:3  | Bought a scroll of teleportation for 45 gold pieces
 66441 | Snake:3  | Bought a scroll of fog for 30 gold pieces
 66441 | Snake:3  | Bought a scroll of magic mapping for 52 gold pieces
 66491 | Snake:3  | Bought a ration for 70 gold pieces
 66491 | Snake:3  | Bought a ration for 70 gold pieces
 66491 | Snake:3  | Bought a ration for 70 gold pieces
 66491 | Snake:3  | Bought a ration for 70 gold pieces
 66491 | Snake:3  | Bought a ration for 70 gold pieces
 66491 | Snake:3  | Bought a ration for 70 gold pieces
 66491 | Snake:3  | Bought a ration for 70 gold pieces
 66491 | Snake:3  | Bought a ration for 70 gold pieces
 66491 | Snake:3  | Bought a ration for 70 gold pieces
 66491 | Snake:3  | Bought a ration for 70 gold pieces
 66633 | Slime:1  | Entered Level 1 of the Pits of Slime
 66904 | Slime:5  | Entered Level 5 of the Pits of Slime
 67041 | Slime:5  | Noticed the Royal Jelly
 67043 | Slime:5  | Found a viscous altar of Jiyva.
 67063 | Slime:5  | Killed the Royal Jelly
 67193 | Slime:5  | Identified the Reference Book on Stolen Souls
 67379 | Lair:2   | Gained mutation: You are weak. (Str -2) [mutagenic glow]
 67416 | Lair:1   | Lost mutation: You are weak. (Str -2) [potion of mutation]
 67416 | Lair:1   | Lost mutation: You are dopey. (Int -2) [potion of mutation]
 67416 | Lair:1   | Gained mutation: Your body sometimes deteriorates upon
                  | taking damage. [potion of mutation]
 67416 | Lair:1   | Gained mutation: Your flesh is heat resistant. (rF+)
                  | [potion of mutation]
 67416 | Lair:1   | Gained mutation: You possess an exceptional clarity of
                  | mind. [potion of mutation]
 67416 | Lair:1   | Gained mutation: You are partially covered in slimy green
                  | scales. (AC +2) [potion of mutation]
 67744 | Orc:2    | Bought 2 potions of haste for 300 gold pieces
 67744 | Orc:2    | Bought a potion of resistance for 150 gold pieces
 67744 | Orc:2    | Bought a potion of heal wounds for 75 gold pieces
 67744 | Orc:2    | Bought a potion of mutation for 120 gold pieces
 67744 | Orc:2    | Bought a potion of curing for 45 gold pieces
 67744 | Orc:2    | Bought a potion of might for 60 gold pieces
 67744 | Orc:2    | Bought a potion of brilliance for 60 gold pieces
 67784 | Orc:2    | Bought 2 potions of agility for 112 gold pieces
 67784 | Orc:2    | Bought a potion of heal wounds for 70 gold pieces
 67784 | Orc:2    | Bought a potion of heal wounds for 70 gold pieces
 67784 | Orc:2    | Bought a potion of haste for 140 gold pieces
 67784 | Orc:2    | Bought a potion of heal wounds for 70 gold pieces
 67784 | Orc:2    | Bought a potion of haste for 140 gold pieces
 67784 | Orc:2    | Bought 2 potions of haste for 280 gold pieces
 68095 | Zot:1    | Entered Level 1 of the Realm of Zot
 68501 | Zot:1    | Identified the +4 dragonskin cloak
 68501 | Zot:1    | Noticed Tiamat
 69019 | Zot:1    | Killed Tiamat
 69019 | Zot:1    | Reached skill level 15 in Evocations
 69504 | D:14     | Bought a wand of acid (5) for 252 gold pieces
 69504 | D:14     | Bought a sack of spiders for 280 gold pieces
 69769 | Zot:1    | Found a transporter.
 69772 | Zot:1    | Noticed Popraera's ghost (legendary MfSk)
 69785 | Zot:1    | Found a transporter.
 70281 | Zot:2    | Noticed an orb of fire
 71086 | Zot:2    | Gained mutation: You expend magic power (3 MP) to
                  | strengthen your wands. [an orb of fire]
 71091 | Zot:2    | Killed an orb of fire
 72265 | Slime:5  | Got a slimy rune of Zot
 72875 | Zot:3    | Reached skill level 21 in Fighting
 72917 | Zot:3    | Found a transporter.
 72917 | Zot:3    | Found a transporter.
 73054 | Zot:3    | Reached skill level 18 in Shields
 73416 | Zot:4    | Identified the cursed +0 plate armour of the Countless
                  | Curses {rC+ Dex+3} (You found it on level 4 of the Realm of
                  | Zot)
 74456 | Zot:5    | Entered Level 5 of the Realm of Zot
 75378 | Zot:5    | Noticed an ancient lich
 75401 | Zot:5    | Noticed an orb of fire
 75408 | Zot:5    | Lost mutation: You possess an exceptional clarity of mind.
                  | [an orb of fire]
 75410 | Zot:5    | Gained mutation: You are dopey. (Int -2) [an orb of fire]
 75429 | Zot:5    | Noticed an ancient lich
 75446 | Zot:5    | Killed an ancient lich
 75735 | Zot:5    | Killed an ancient lich
 75744 | Zot:5    | Killed an orb of fire
 75879 | Zot:5    | Killed an ancient lich
 75954 | Zot:5    | Noticed an ancient lich
 75983 | Zot:5    | Killed an ancient lich
 76441 | Zot:5    | Got the Orb of Zot
 76487 | Zot:5    | Noticed an ancient lich
 76503 | Zot:5    | Killed an ancient lich
 76503 | Zot:5    | Reached skill level 23 in Maces & Flails
 76746 | Zot:1    | Noticed a seraph
 76841 | Depths:1 | Noticed Qudomyim the pandemonium lord
 76846 | D:15     | Noticed Totamneo the pandemonium lord
 76853 | D:15     | Killed Totamneo the pandemonium lord
 77228 | D:$      | Escaped with the Orb!

Vault maps used:
D:1:      dpeg_arrival_leaves_temple_mockup, grunt_decor_one_mirror
D:2:      fiery_altar_vehumet, lemuel_round_altar, first_ration,
          minmay_crystal_room
D:3:      ashenzari_conservatory_becter,
          chequers_temple_overflow_statue_of_worship, serial_park_tiny_2
D:4:      gammafunk_temple_of_torment, grunt_temple_overflow_champion_of_chaos,
          chequers_jeans, kennysheep_generic_room_15
D:6:      serial_shops, nicolae_shop_temple_entry_statues_fountains,
          uniq_crazy_yiuf_cottage, uniq_pikel, uniq_duvessa, uniq_edmund
D:7:      minmay_temple_entry_statues, basic_altar
D:8:      cheibrodos_steamvent, serial_shops, shop
D:9:      grunt_dithmenos_smoke_and_mirrors, nicolae_overflow_crystal_walls,
          enter_bailey_2, eino_house_with_fridge, uniq_joseph
D:10:     lemuel_insect_pit, zombieorc2_lemuel, uniq_nergalle
D:11:     lemuel_castle_with_subvaults, dpeg_lair_monsters
D:12:     basic_altar, serial_shops, shop
D:13:     lightli_vaults_fourway_checkpoint
D:14:     serial_shops, nicolae_shop_waterfront, shop
D:15:     gammafunk_enter_depths_forms
Temple:   nicolae_temple_figure_zero
Lair:1:   dpeg_oklob_gauntlet, gammafunk_ghost_split, portal_ice_cave_entry_imps
Lair:2:   minmay_snake_entry_guardpost_small, chequers_serial_rivers_room_b,
          grunt_megastairs_3
Lair:3:   regret_index_tunnel_blossom, nicolae_swamp_entry_splash_gauntlet,
          chequers_serial_rivers_large_a
Lair:4:   nicolae_lair_yak_garden
Lair:5:   nicolae_slime_entry_slimehenge, special_room,
          ebering_ghost_reflecting_pool, ice2_lemuel, uniq_rupert
Lair:6:   minmay_lair_end_enchanted_forest, cheibrodos_lair_lostbears
Swamp:1:  hangedman_swamp_pad, grunt_lady_of_the_lake,
          infiniplex_staircase_pool_2, uniq_nikola
Swamp:2:  basic_altar, swamp_pool1, nicolae_swamp_very_dense_foliage
Swamp:3:  gammafunk_its_a_trap, evilmike_swamp_ruin_house_4,
          infiniplex_staircase_pool
Swamp:4:  swamp_fiery, swamp_pool2
Snake:1:  st_stairs_12, uniq_agnes, uniq_asterion, uniq_roxanne
Snake:2:  serial_shops, nicolae_shop_trees, st_stairs_13
Snake:3:  gammafunk_sealed_library, serial_shops, shop_fountains, shop, shop,
          shop, nicolae_shop_stone, uniq_vashnia
Snake:4:  minmay_snake_end_coiled, lemuel_fruit_tree
Slime:1:  basic_altar
Orc:2:    st_orc_town
Elf:1:    eino_elf_arrival_altar, hangedman_elf_disciples,
          serial_sigils_hangedman_stare
Elf:3:    minmay_elf_hall_furrowed, evilmike_surprise_oklob
Vaults:1: vaults_standard_mumra_lines, v_pattern_1, nicolae_vaults_gold_heap,
          nicolae_vaults_big_ls, v_misc_19, grunt_vaults_focal,
          vaults_room_grunt_arrival_checkpoint, vaults_room_corners,
          vaults_room_corners, vaults_room_hallway, vaults_room_fancy_cross,
          infiniplex_enter_wizlab_water
Vaults:2: hangedman_vaults_corner, vaults_room_door_ring
Vaults:3: ontoclasm_vaults_decontamination, ontoclasm_vaults_loading_screen,
          ontoclasm_vaults_fault, v_rooms_1, v_rooms_5, vaults_room_grid,
          nicolae_vaults_ring_of_whatevers, ontoclasm_vaults_claustrophobia,
          hangedman_vaults_maws, nicolae_vaults_windows_and_doors_thing,
          dpeg_vaults_monster_row, v_misc_27, minmay_crypt_entry_simple_statues
Vaults:4: nicolae_vaults_little_ls, ontoclasm_vaults_idyll, v_alt_pattern_6,
          serial_ice_h, vaults_dpeg_doors, v_misc_33, vaults_room_door_hall,
          hangedman_vaults_corner_blocks, nicolae_vaults_what_the_h,
          grunt_vaults_trifunnel, hangedman_vaults_maws,
          nicolae_vaults_murderbox
Depths:1: enter_ziggurat_a, serial_glass, glass_columns_b, glass_columns_a,
          hell_entry, hangedman_abyss_or_decor_jellyfish_corner,
          eino_tiny_chamber, kilobyte_mutagenic_chamber, grunt_megastairs_2,
          serial_bayou_shore_b, uniq_sojobo
Depths:2: regret_index_dithmenos_brocken_genspenst, hell_entry, minivault_11,
          enter_trove_6, ebering_ghost_inner_flame, marbit_kobold_abyss_entry
Depths:3: thingy_vault, rand_demon_pan_entry_5, grunt_hell_entry_dis_grunt,
          abyss_entry, infiniplex_staircase_split_hallway, serial_bayou_shore_b,
          minmay_shop_grove, serial_bayou_shore_b, uniq_xtahua, uniq_jory,
          uniq_frederick
Depths:4: kennysheep_six_static_rooms, hell_entry, pan_entry,
          hangedman_abyss_entry_splay, minmay_misc_feat_tiny, minivault_14,
          minmay_evil_grid, serial_bayou_shore_a
Depths:5: grunt_zot_entry_tricorne, pf_coc_iceberg, pan_entry,
          gammafunk_ghost_necromancy, serial_bayou_shore_b, uniq_saint_roka,
          uniq_enchantress
Zot:1:    gammafunk_ghost_mausoleum, uniq_tiamat
Zot:2:    grunt_megastairs_5
Zot:3:    gammafunk_sealed_arena
Zot:4:    grunt_ministairs_5
Abyss:4:  evilmike_abyss_exit_6, hangedman_stitches_earthworm,
          gammafunk_abyss_rune_reverse_zot
Trove:    trove_books_scrolls
Bailey:   bailey_polearm_gnolls_kennysheep, bailey
IceCv:    ice_cave_small_giant
WizLab:   wizlab_demon

Skill      XL: |  1  2  3  4  5  6  7  8  9 10 11 12 13 14 15 16 17 18 19 20 21 22 23 24 25 26 27 |
---------------+----------------------------------------------------------------------------------+-----
Maces & Flails | 3 4 5 6 7 8 11 13 14 15 16 17 18 20 21 23 | 23.0
Shields        | 4 7 9 10 12 14 15 20 | 20.1
Fighting       | 4 5 8 9 10 11 13 14 15 16 17 20 22 | 22.9
Armour         | 4 5 6 7 8 10 12 14 16 17 20 | 20.2
Evocations     | 2 6 7 8 9 10 12 14 16 | 16.0
Invocations    | 4 8 10 12 | 12.0
Dodging        | 4 5 7 10 12 13 14 | 14.0
Stealth        | 2 |  2.0
Translocations | 9 10 | 10.0
Spellcasting   | 1 3 |  3.0

Action                   |  1- 3 |  4- 6 |  7- 9 | 10-12 | 13-15 | 16-18 | 19-21 | 22-24 | 25-27 || total
-------------------------+-------+-------+-------+-------+-------+-------+-------+-------+-------++-------
Melee: Flail             |    93 |   163 |   314 |  1019 |  2147 |   627 |       |       |       ||  4363
       Whip              |       |       |       |    32 |       |       |       |       |       ||    32
       Mace              |       |       |       |    12 |       |       |       |       |       ||    12
       Eveningstar       |       |       |       |       |       |  1159 |  1401 |  1544 |  2507 ||  6611
Throw: Throwing net      |       |       |       |       |       |     2 |       |       |       ||     2
 Cast: Blink             |       |       |       |       |       |       |       |       |     1 ||     1
Invok: Fungal Bloom      |       |       |     1 |    46 |    73 |    91 |    53 |    55 |    31 ||   350
       Evolution         |       |       |       |     3 |    21 |    32 |    15 |     5 |    14 ||    90
       Reproduction      |       |       |       |       |       |     2 |       |     3 |     3 ||     8
       Growth            |       |       |       |       |       |       |     1 |       |     5 ||     6
       Rain              |       |       |       |       |       |       |       |       |     2 ||     2
 Abil: Evoke Invisibilit |       |       |       |       |       |     3 |     2 |     4 |    13 ||    22
Evoke: Wand              |       |       |     2 |    32 |    19 |    46 |    34 |    15 |    62 ||   210
       Lamp of fire      |       |       |       |       |     2 |     6 |     7 |     9 |    13 ||    37
       Sack of spiders   |       |       |       |       |       |     2 |     1 |     2 |     1 ||     6
       Phial of floods   |       |       |       |       |       |       |       |     4 |     4 ||     8
       Phantom mirror    |       |       |       |       |       |       |       |       |     4 ||     4
  Use: Scroll            |       |     6 |     3 |     9 |     9 |    22 |    10 |     9 |    35 ||   103
       Potion            |       |       |     1 |       |     2 |     6 |    10 |     7 |    32 ||    58
 Stab: Confused          |       |       |       |       |     8 |     6 |     7 |     1 |     1 ||    23
       Distracted        |       |       |       |       |     7 |     3 |     3 |       |     6 ||    19
       Paralysed         |       |       |       |       |     5 |    12 |     6 |     4 |     4 ||    31
       Invisible         |       |       |       |       |       |     3 |     4 |    10 |    48 ||    65
  Eat: Chunk             |       |    10 |    16 |    19 |    36 |    13 |    25 |    27 |    31 ||   177
       Ration            |       |     2 |       |     3 |     2 |    11 |     3 |     1 |    13 ||    35
Armor: Scale mail        |    43 |    93 |   105 |   181 |       |       |       |       |       ||   422
       Plate armour      |       |       |       |    89 |   253 |   490 |   177 |       |       ||  1009
       Chain mail        |       |       |       |    53 |   506 |       |       |       |       ||   559
       Gold dragon scale |       |       |       |       |       |       |   178 |   381 |   830 ||  1389
Dodge: Dodged            |    18 |    40 |   140 |   406 |   570 |   331 |   445 |   433 |   877 ||  3260
Block: Shield            |    49 |    25 |       |   102 |   459 |    79 |   801 |   778 |   716 ||  3009
       Buckler           |       |    24 |    56 |   149 |       |       |       |       |       ||   229
       Large shield      |       |       |       |       |  1185 |  1684 |       |       |  1321 ||  4190
       Reflection        |       |       |       |       |       |    22 |       |       |       ||    22
       Rpst.: Eveningstar |       |       |       |       |       |       |       |       |   125 ||   125

Table legend:
 A = Non-vault XP
 B = Vault XP
 C = Vault XP percentage of total XP
 D = Non-vault monster count
 E = Vault monster count
 F = Vault count percentage of total count
                 A         B        C        D         E       F
            +---------+---------+-------+---------+---------+-------
      Total |  869469 |  767813 |  46.9 |    1534 |     977 |  38.9
            +---------+---------+-------+---------+---------+-------
        D:1 |      35 |       0 |   0.0 |      20 |       0 |   0.0
        D:2 |      55 |       0 |   0.0 |      18 |       0 |   0.0
        D:3 |      24 |       0 |   0.0 |       7 |       0 |   0.0
        D:4 |     122 |     528 |  81.2 |      11 |       6 |  35.3
        D:5 |     899 |       0 |   0.0 |      25 |       0 |   0.0
        D:6 |     811 |    1072 |  56.9 |      26 |       5 |  16.1
        D:7 |    2345 |       0 |   0.0 |      32 |       0 |   0.0
        D:8 |    1114 |     366 |  24.7 |      20 |       2 |   9.1
        D:9 |    1547 |    1456 |  48.5 |      34 |      13 |  27.7
       D:10 |    2185 |    2678 |  55.1 |      23 |      38 |  62.3
       D:11 |    2500 |    6211 |  71.3 |      15 |      54 |  78.3
       D:12 |    4667 |       0 |   0.0 |      18 |       0 |   0.0
       D:13 |    6036 |    4696 |  43.8 |      45 |      11 |  19.6
       D:14 |   11594 |       0 |   0.0 |      44 |       0 |   0.0
       D:15 |   15255 |    4557 |  23.0 |      50 |      10 |  16.7
     Lair:1 |    2899 |    1645 |  36.2 |      16 |      16 |  50.0
     Lair:2 |    5803 |     742 |  11.3 |      20 |       6 |  23.1
     Lair:3 |    4321 |    3688 |  46.0 |      18 |      32 |  64.0
     Lair:4 |    3070 |    1838 |  37.4 |      15 |       5 |  25.0
     Lair:5 |    1757 |   11886 |  87.1 |       7 |      38 |  84.4
     Lair:6 |    4692 |    7109 |  60.2 |      17 |      47 |  73.4
    Swamp:1 |   14447 |    3192 |  18.1 |      40 |       1 |   2.4
    Swamp:2 |   13641 |       0 |   0.0 |      40 |       0 |   0.0
    Swamp:3 |   11470 |    2879 |  20.1 |      26 |       5 |  16.1
    Swamp:4 |    4217 |   11750 |  73.6 |      13 |      20 |  60.6
    Snake:1 |   13957 |    4671 |  25.1 |      30 |       3 |   9.1
    Snake:2 |   14898 |    1463 |   8.9 |      36 |       2 |   5.3
    Snake:3 |   14598 |    7476 |  33.9 |      32 |       4 |  11.1
    Snake:4 |   22779 |   21438 |  48.5 |      43 |      43 |  50.0
    Slime:1 |    8618 |       0 |   0.0 |       9 |       0 |   0.0
    Slime:2 |    5587 |       0 |   0.0 |       7 |       0 |   0.0
    Slime:3 |    5134 |       0 |   0.0 |       8 |       0 |   0.0
    Slime:4 |    2492 |       0 |   0.0 |       4 |       0 |   0.0
    Slime:5 |    2006 |   32476 |  94.2 |       7 |      15 |  68.2
      Orc:1 |    2356 |       0 |   0.0 |      22 |       0 |   0.0
      Orc:2 |    4848 |    4095 |  45.8 |      27 |      56 |  67.5
      Elf:1 |    7517 |    8927 |  54.3 |      12 |      16 |  57.1
      Elf:2 |    8773 |   18925 |  68.3 |      14 |      24 |  63.2
      Elf:3 |   15202 |   47012 |  75.6 |      23 |      32 |  58.2
   Vaults:1 |   24403 |   28282 |  53.7 |      48 |      41 |  46.1
   Vaults:2 |   32029 |    4332 |  11.9 |      64 |       7 |   9.9
   Vaults:3 |   35999 |   31414 |  46.6 |      51 |      42 |  45.2
   Vaults:4 |   29138 |   34253 |  54.0 |      49 |      43 |  46.7
   Vaults:5 |   48275 |  132879 |  73.4 |      80 |      86 |  51.8
   Depths:1 |   35070 |   15951 |  31.3 |      51 |      11 |  17.7
   Depths:2 |   28982 |   21984 |  43.1 |      33 |      29 |  46.8
   Depths:3 |   46219 |   43188 |  48.3 |      48 |      25 |  34.2
   Depths:4 |   27516 |   26334 |  48.9 |      34 |      16 |  32.0
   Depths:5 |   50550 |   39363 |  43.8 |      43 |      38 |  46.9
      Zot:1 |   53739 |   25793 |  32.4 |      30 |      15 |  33.3
      Zot:2 |   81496 |    9410 |  10.4 |      47 |       6 |  11.3
      Zot:3 |   32962 |       0 |   0.0 |      19 |       0 |   0.0
      Zot:4 |   59919 |    2544 |   4.1 |      33 |       2 |   5.7
      Zot:5 |   34308 |  119807 |  77.7 |      22 |      35 |  61.4
    Abyss:4 |    4593 |    9127 |  66.5 |       8 |      12 |  60.0
     Bailey |       0 |    1219 | 100.0 |       0 |      30 | 100.0
      IceCv |       0 |    9157 | 100.0 |       0 |      35 | 100.0
            +---------+---------+-------+---------+---------+-------
